 Dungeon Crawl Stone Soup version 0.18.1-50-g88ac8fd (webtiles) character file.

1622 Gorglomux the Covert (level 8, -23/37 HPs)
             Began as a Felid Berserker on Oct 29, 2016.
             Was a Priest of Trog.
             Hit by a large rock thrown by a cyclops (32 damage)
             ... on level 8 of the Dungeon.
             The game lasted 00:27:37 (6186 turns).

Gorglomux the Covert (Felid Berserker)              Turns: 6186, Time: 00:27:37

Health: -23/37     AC:  3    Str: 13    XL:     8   Next: 65%
Magic:  9/9        EV: 25    Int:  8    God:    Trog [***...]
Gold:   372        SH:  0    Dex: 19    Spells: 0 memorised, 7 levels left
                                        Lives:  0   Deaths: 2

rFire  . . .     SeeInvis +       - Unarmed
rCold  + . .     Gourm    .     (armour unavailable)
rNeg   . . .     Faith    .     (shield unavailable)
rPois  .         Spirit   .     (helmet unavailable)
rElec  .         Dismiss  .     (cloak unavailable)
rCorr  .         Reflect  .     (gloves unavailable)
SustAt .         Harm     .     (boots unavailable)
MR     +++..     Clarity  +     (no amulet)
Stlth  ++++++....               (no ring)
                                (no ring)

@: exhausted, regenerating, slowed, drained, slow, extremely resistant to
hostile enchantments, very stealthy
A: no armour, no weapons or thrown items, claws 1, fangs 3, rugged brown scales
1, see invisible, carnivore 3, clarity, cold resistance 1, speed 1, frail 1,
shaggy fur 2, slow metabolism 1, no device heal 2, MP-powered wands, sharp paws
a: Berserk, Trog's Hand, Burn Spellbooks, Renounce Religion


You were on level 8 of the Dungeon.
You worshipped Trog.
Trog was most pleased with you.
You were not hungry.

You visited 1 branch of the dungeon, and saw 8 of its levels.

You collected 372 gold pieces.

Inventory:

Wands
 u - a wand of random effects (21/48)
 w - a wand of polymorph (8/24)
Scrolls
 b - a scroll of blinking {unknown}
 c - 3 scrolls of fear
 e - 4 scrolls of remove curse
 h - 2 scrolls of teleportation
 i - a scroll of identify
 k - a scroll of noise
 o - 2 scrolls of immolation {unknown}
 s - a scroll of enchant armour {unknown}
 v - a scroll of magic mapping
 y - a scroll of recharging {unknown}
Potions
 d - 2 potions of heal wounds {unknown}
 f - 3 potions of agility
 g - 3 potions of lignification
 j - 2 potions of brilliance {unknown}
 l - 2 potions of curing {unknown}
 m - 3 potions of ambrosia
 n - 2 potions of cure mutation {unknown}
 p - a potion of cancellation {unknown}
 q - a potion of might {unknown}
 r - 2 potions of berserk rage {unknown}
 z - a potion of degeneration {unknown}
Comestibles
 a - 4 meat rations
 t - 4 chunks of flesh


   Skills:
 + Level 7.8 Fighting
 + Level 8.1 Dodging
 - Level 10.0(9.9) Stealth
 * Level 9.6(9.5) Unarmed Combat


You had 7 spell levels left.
You didn't know any spells.

Dungeon Overview and Level Annotations

Branches:
Dungeon (8/15)             Temple (0/1) D:6
   Lair: D:8-11

Altars:
Ashenzari
Fedhas
Gozag
Sif Muna
Vehumet

Annotations:
D:8 Gastronok


Innate Abilities, Weirdness & Mutations

You cannot wear armour.
You are incapable of wielding weapons or throwing items.
You have sharp claws.
You have razor-sharp teeth.
You have supernaturally acute eyesight.
You are carnivorous and can eat meat at any time.
You cover ground quickly.
You are covered in thick fur (AC +2).
You have a slow metabolism.
Your sharp claws are effective at attacking unaware monsters.
You are partially covered in rugged brown scales (AC +1, +3% HP).
You possess an exceptional clarity of mind.
Your flesh is cold resistant.
You are frail (-10% HP).
Potions and wands are poor at restoring your health.
You expend magic power (3 MP) to strengthen your wands.


Message History

* * * LOW HITPOINT WARNING * * *
You scratch the orc wizard.
You kill the orc wizard!
Trog accepts your kill.
Trog appreciates your killing of a magic user.
You butcher the human corpse of Joseph.
You enjoyed that.
You feel the effects of Trog's Hand fading.
t - 4 chunks of flesh
Items here: ( )) [ a +4 quarterstaff of draining; an uncursed hunting sling; 9 sling bullets a ring mail You are no longer berserk.
You are exhausted.
You feel yourself slow down.
The cyclops throws a large rock.
The large rock completely misses you.
Items here: ( ) ? [ † a large rock; a dagger of speed; a robe; a scroll of identify; an orc corpse The cyclops throws a large rock.
The large rock hits you!!
Ouch! That really hurt!
You die...

(.. ...# ###. ###.
...# .. C#. #... # ..
##..###?# #. #.......
##+##C#### #....#
#........####....# ###
#......(..)(@....#....
.#..#(..#(####(......#
.......(.(# #...###.#
.#..#.....# ##......#
#. ##....# #...#.....#
# ...##.# #...#....##
###. #.# #...#...## ..
..# #......## #.. ###
##.....#


You could see a cyclops.

Vanquished Creatures
  Erolcha (D:8)
  Joseph (D:8)
  A troll (D:8)
  The ghost of grisgris the Thaumaturge, an amateur DECj (D:3)
  Sigmund (D:2)
  Eustachio (D:6)
  A water moccasin (D:6)
  3 orc warriors
  An ice beast (D:3)
  2 black bears
  3 phantoms
  2 ogres
  Blork the orc (D:4)
  2 giant frogs
  A scorpion (D:7)
  8 wights (D:7)
  3 howler monkeys
  A crimson imp (D:5)
  8 orc wizards
  3 orc priests
  Crazy Yiuf (D:2)
  A centaur skeleton (D:4)
  An iguana (D:7)
  Natasha (thrice) (D:2)
  3 worker ants
  A hound zombie (D:6)
  4 hound skeletons
  Robin (D:4)
  7 gnolls
  9 adders
  A shadow imp (D:6)
  An ooze (D:3)
  2 adder skeletons (D:5)
  2 giant geckos
  34 orcs
  6 bats
  6 giant cockroaches
  17 goblins
  7 hobgoblins
  5 quokkas
  A ball python (D:2)
  A giant gecko skeleton (D:4)
  4 giant newts
  3 kobolds
  A quokka skeleton (D:7)
  8 rats
175 creatures vanquished.

Notes
Turn   | Place    | Note
--------------------------------------------------------------
     0 | D:1      | Gorglomux the Felid Berserker began the quest for the Orb.
     0 | D:1      | Reached XP level 1. HP: 10/10 MP: 2/2
   223 | D:1      | Reached XP level 2. HP: 14/14 MP: 3/3
   305 | D:1      | Reached skill level 1 in Stealth
   644 | D:1      | Reached ** piety under Trog
   829 | D:2      | Noticed Sigmund
   835 | D:2      | Killed Sigmund
   835 | D:2      | Reached skill level 4 in Stealth
   835 | D:2      | Reached XP level 3. HP: 18/18 MP: 4/4
   835 | D:2      | Reached XP level 4. HP: 22/22 MP: 5/5
   835 | D:2      | Reached XP level 5. HP: 25/25 MP: 6/6
   953 | D:2      | Reached skill level 5 in Stealth
   991 | D:2      | Found a blossoming altar of Fedhas.
  1006 | D:2      | Noticed Natasha
  1013 | D:2      | Killed Natasha
  1032 | D:2      | Noticed Natasha
  1039 | D:2      | Killed Natasha
  1520 | D:2      | Noticed Crazy Yiuf
  1526 | D:2      | Killed Crazy Yiuf
  1526 | D:2      | Gained mutation: You are covered in thick fur (AC +2). [Felid growth]
  1526 | D:2      | Reached XP level 6. HP: 29/29 MP: 7/7
  1549 | D:2      | Noticed Natasha
  1558 | D:2      | Killed Natasha
  1716 | D:3      | Reached skill level 6 in Stealth
  1800 | D:3      | Noticed an ice beast
  1840 | D:3      | Killed an ice beast
  1840 | D:3      | Reached skill level 7 in Stealth
  1886 | D:3      | Noticed grisgris's ghost (amateur DECj)
  1900 | D:3      | Killed grisgris's ghost
  1900 | D:3      | Reached skill level 5 in Fighting
  1900 | D:3      | Reached XP level 7. HP: 33/33 MP: 8/8
  2014 | D:3      | Found a shattered altar of Ashenzari.
  2223 | D:3      | Reached skill level 8 in Stealth
  2358 | D:3      | Reached *** piety under Trog
  2447 | D:4      | Noticed Blork the orc
  2474 | D:4      | Reached skill level 5 in Unarmed Combat
  2665 | D:4      | Found a shattered altar of Ashenzari.
  2765 | D:4      | Killed Blork the orc
  2765 | D:4      | Reached skill level 9 in Stealth
  2997 | D:4      | Noticed Robin
  3027 | D:4      | Killed Robin
  3164 | D:5      | Entered Level 5 of the Dungeon
  3216 | D:5      | Reached XP level 8. HP: 25/37 MP: 9/9
  3480 | D:5      | Reached skill level 10 in Stealth
  3597 | D:5      | Found a deep blue altar of Sif Muna.
  3597 | D:5      | Found a radiant altar of Vehumet.
  3948 | D:6      | Reached skill level 5 in Dodging
  4588 | D:6      | Found an opulent altar of Gozag.
  4632 | D:6      | Found a staircase to the Ecumenical Temple.
  4698 | D:6      | Reached XP level 9. HP: 42/42 MP: 10/10
  4725 | D:6      | Noticed Eustachio
  4753 | D:6      | Killed Eustachio
  5532 | D:6      | Mangled by an orc warrior
  5533 | D:6      | Reached XP level 8. HP: -9/60 MP: 9/9
  5929 | D:7      | Reached **** piety under Trog
  6029 | D:7      | Gained mutation: Your spells are a little harder to cast, but a little more powerful. [potion of mutation]
  6029 | D:7      | Gained mutation: Your flesh is cold resistant. [potion of mutation]
  6029 | D:7      | Gained mutation: Potions and wands are less effective at restoring your health. [potion of mutation]
  6030 | D:7      | Gained mutation: Potions and wands are poor at restoring your health. [potion of mutation]
  6030 | D:7      | Gained mutation: You expend magic power (3 MP) to strengthen your wands. [potion of mutation]
  6030 | D:7      | Gained mutation: You are resistant to electric shocks. [potion of mutation]
  6031 | D:7      | Gained mutation: You are frail (-10% HP). [potion of mutation]
  6032 | D:7      | Lost mutation: Your spells are a little harder to cast, but a little more powerful. [potion of mutation]
  6032 | D:7      | Lost mutation: You are resistant to electric shocks. [potion of mutation]
  6032 | D:7      | Gained mutation: You are partially covered in rugged brown scales (AC +1, +3% HP). [potion of mutation]
  6038 | D:7      | Gained mutation: You possess an exceptional clarity of mind. [potion of beneficial mutation]
  6086 | D:8      | Noticed Erolcha
  6090 | D:8      | Noticed a troll
  6090 | D:8      | Noticed Joseph
  6096 | D:8      | Killed Erolcha
  6096 | D:8      | Reached XP level 9. HP: 28/39 MP: 10/10
  6100 | D:8      | Killed a troll
  6103 | D:8      | Noticed Gastronok
  6122 | D:8      | HP: 1/39 [Joseph/uncursed quarterstaff of draining (17)]
  6122 | D:8      | Mangled by Joseph
  6123 | D:8      | Reached XP level 8. HP: -7/37 MP: 9/9
  6171 | D:8      | Noticed a cyclops
  6177 | D:8      | Killed Joseph
  6186 | D:8      | Hit by a large rock thrown by a cyclops

Skill      XL: |  1  2  3  4  5  6  7  8  9 |
---------------+----------------------------+-----
Stealth        | 4 5 7 9 10 | 10.0
Fighting       | 4 5 6 7 |  7.8
Unarmed Combat | 4 5 9 8 |  9.6
Dodging        | 7 8 |  8.1

Action                   |  1- 3 |  4- 6 |  7- 9 || total
-------------------------+-------+-------+-------++-------
Melee: Unarmed           |    55 |    92 |   380 ||   527
       Bite              |     4 |     9 |    47 ||    60
       Punch             |     1 |     2 |    12 ||    15
Invok: Berserk           |     1 |     3 |    12 ||    16
       Trog's Hand       |       |     3 |    13 ||    16
       Brothers in Arms  |       |       |     1 ||     1
  Use: Scroll            |       |       |    10 ||    10
       Potion            |       |       |     5 ||     5
 Stab: Sleeping          |     3 |     9 |    26 ||    38
       Distracted        |       |       |     2 ||     2
  Eat: Chunk             |     1 |    11 |    26 ||    38
Armor: Skin              |     1 |     2 |    14 ||    17
Dodge: Dodged            |    36 |    42 |   274 ||   352
